cohdb
Replays
Latest Replays
All Replays
Popular Replays
Top Player Replays
Match Explorer
How It Works
Community
CoH3 Stats
Reddit
Sign in to upload your games and track your stats! →
Sign in with Steam
Match 42392564
Unlisted
Match 42392564
Overview
Messages
Build Orders
End
Construct Barracks
Selects Heavy Weapons
Riflemen Squad
Riflemen Squad
1⁄4-ton 4x4 Truck
Infantry Support Center
Selects Assault Carriers
Construct Weapon Support Center
Construct Medical Station
M3 Assault Carrier
Selects Exchangeable Parts
Grenade Package
M1918 Browning Automatic Rifles
Engineer Squad
M3 Assault Carrier
Selects M2HB .50cal Heavy Machine Gun
M1919 Machine Gun Team
Selects Rapid Reposition
Advanced Logistics
Riflemen Squad
M1919 Machine Gun Team
Construct Motor Pool
Munitions Surplus
M1 Anti-tank Gun Team
Selects Bolstered Team Weapons
Demolitions Package
.30 cal Machine Gun
M1 Anti-tank Gun Team
Captain Retinue
.30 cal Machine Gun
Engineer Squad
Survival Training
Inkredyble
Kylen
ETO420
SWORD SOUL
Quack
huaichen
0
0
Comments
sign in to comment!
No comments posted yet!